 Dungeon Crawl Stone Soup version 0.19.0-20-gbc5f0c6 (webtiles) character file.

499 Jannitor the Sneak (level 7, 0/40 HPs)
             Began as a Kobold Assassin on Nov 17, 2016.
             Was an Initiate of Trog.
             Slain by a centaur (7 damage)
             ... on level 5 of the Dungeon on Nov 18, 2016.
             The game lasted 00:09:34 (4371 turns).

Jannitor the Sneak (Kobold Assassin)                Turns: 4371, Time: 00:09:34

Health: 0/40       AC:  4    Str:  9    XL:     7   Next: 39%
Magic:  7/7        EV: 16    Int: 12    God:    Trog [......]
Gold:   236        SH:  0    Dex: 18    Spells: 0 memorised, 6 levels left

rFire  . . .     SeeInvis .     o - +0 dagger (venom)
rCold  . . .     Gourm    .     c - +0 robe
rNeg   . . .     Faith    .     (shield restricted)
rPois  .         Spirit   .     (no helmet)
rElec  .         Reflect  .     d - +0 cloak
rCorr  .         Harm     .     v - +0 pair of gloves
MR     .....                    (no boots)
Stlth  ++++......               (no amulet)
                                (no ring)
                                (no ring)

@: no status effects
A: carnivore 3
a: Burn Spellbooks, Renounce Religion


You were on level 5 of the Dungeon.
You worshipped Trog.
Trog was noncommittal.
You were very full.

You visited 2 branches of the dungeon, and saw 6 of its levels.

You collected 236 gold pieces.

Inventory:

Hand Weapons
 a - a +2 dagger
 b - a +0 blowgun
 o - a +0 dagger of venom (weapon)
Missiles
 e - 50 poisoned needles
 f - 2 curare-tipped needles
Armour
 c - a +0 robe (worn)
 d - a +0 cloak (worn)
 v - a +0 pair of gloves (worn)
Jewellery
 t - a +3 ring of strength {unknown}
 u - an uncursed ring of wizardry {unknown}
 y - an uncursed ring of resist corrosion {unknown}
 B - a cursed ring of loudness {unknown}
Wands
 w - a wand of confusion (18/48)
Scrolls
 j - 3 scrolls of identify
 k - a scroll of teleportation
 m - 4 scrolls of enchant weapon {unknown}
 q - a scroll of remove curse {unknown}
 x - a scroll of amnesia {unknown}
 A - a scroll of recharging {unknown}
Potions
 i - a potion of lignification {unknown}
 n - a potion of flight
 r - a potion of degeneration {unknown}
 s - a potion of cure mutation {unknown}
 z - 2 potions of heal wounds {unknown}
 C - a potion of curing {unknown}
Books
 D - a book of Maledictions

   Spells                             Type                      Level
   a - Corona                         Hexes                        1
   b - Ensorcelled Hibernation        Hexes/Ice                    2
   c - Confuse                        Hexes                        3
   d - Tukima's Dance                 Hexes                        3
   e - Dazzling Spray                 Conjuration/Hexes            3
   Trog disapproves of the use of such an item.
Comestibles
 g - 2 meat rations
 h - 2 slices of pizza
 l - a beef jerky


   Skills:
 - Level 2.1 Fighting
 + Level 5.7 Short Blades
 + Level 4.7 Throwing
 + Level 3.2 Dodging
 + Level 7.7 Stealth


You had 6 spell levels left.
You didn't know any spells.

Dungeon Overview and Level Annotations

Branches:
Dungeon (5/15)             Temple (1/1) D:4

Altars:
Cheibriados
Fedhas
Gozag
Kikubaaqudgha
Makhleb
Nemelex Xobeh
Okawaru
Qazlal
Trog
Uskayaw
Xom
Yredelemnul
The Shining One

Annotations:
D:3 GordonOverkill's ghost, amateur HOWn


Innate Abilities, Weirdness & Mutations

You are small and have problems with some larger weapons.
You are carnivorous and can eat meat at any time.


Message History

Unknown command.
You kill the ogre!
Trog accepts your kill.
Your Dodging skill increases to level 3!
The centaur shoots an arrow.
The arrow barely misses you.
The centaur shoots an arrow.
The arrow barely misses you.
Blink to where?
Press: ? - help, Dir - move target cursor You are very lightly contaminated with residual magic.
As you read the scroll of blinking, it crumbles to dust.
As you read the scroll of teleportation, it crumbles to dust.
You feel strangely unstable.
Unknown command.
Your surroundings suddenly seem different.
You start resting.
Your magical contamination has completely faded away.
You start resting.
The centaur unwields an uncursed shortbow.
The centaur closely misses you. The centaur hits you!
You die...

#.# ######### #.# #.......# #.#
#(#####.# #.# #.# #.#
##########.# ##.#####.#
.........#.## #......#.#
########....## #..###.#.# #.....#
#..###.#.# #....## #@.......#
#.#.#####c####.### #...>.....#
#.# ... ###.####### #.# ... ##'##
#.# ... ##...## #####.#### #.# ##
##.....## #........# #.# .##
##.......###.##..##.# #.#
..####.........##........######.#


You could see a centaur.

Vanquished Creatures
  An ogre (D:5)
  2 scorpions
  A jelly (D:5)
  A hound (D:4)
  A bullfrog skeleton (D:4)
  An orc priest (D:3)
  A worker ant (D:4)
  A howler monkey skeleton (D:4)
  6 adders
  3 worms
  2 dart slugs
  4 leopard geckos
  12 orcs
  2 ball pythons (D:1)
  8 bats
  2 giant cockroaches
  3 goblins
  11 hobgoblins
  8 jackals
  6 kobolds
  3 quokkas
  3 frilled lizards
  6 rats
88 creatures vanquished.

Notes
Turn   | Place    | Note
-------+----------+-------------------------------------------
     0 | D:1      | Jannitor the Kobold Assassin began the quest for the Orb.
     0 | D:1      | Reached XP level 1. HP: 12/12 MP: 1/1
   223 | D:1      | Reached XP level 2. HP: 12/17 MP: 2/2
   521 | D:1      | Reached XP level 3. HP: 21/21 MP: 3/3
   615 | D:1      | Reached skill level 6 in Stealth
   924 | D:2      | Noticed a hand axe
   925 | D:2      | Noticed a hand axe
   927 | D:2      | Found a hide-covered altar of Uskayaw.
  1529 | D:3      | Reached XP level 4. HP: 25/26 MP: 4/4
  1532 | D:3      | Found a stormy altar of Qazlal.
  2257 | D:3      | Noticed a phantom
  2298 | D:3      | Reached XP level 5. HP: 5/30 MP: 3/5
  2676 | D:3      | Noticed GordonOverkill's ghost (amateur HOWn)
  2796 | D:3      | Found a faded altar of an unknown god.
  3161 | D:4      | Found a staircase to the Ecumenical Temple.
  3184 | D:4      | Reached skill level 7 in Stealth
  3190 | Temple   | Entered the Ecumenical Temple
  3236 | Temple   | Became a worshipper of Trog the Wrathful
  3384 | D:4      | Reached XP level 6. HP: 28/35 MP: 6/6
  3745 | D:4      | Reached skill level 5 in Short Blades
  3827 | D:4      | Found an iron altar of Okawaru.
  3996 | D:4      | Found a snail-covered altar of Cheibriados.
  4017 | D:5      | Entered Level 5 of the Dungeon
  4158 | D:5      | Reached XP level 7. HP: 40/40 MP: 7/7
  4324 | D:5      | HP: 1/40 [ogre/giant club (29)]
  4371 | D:5      | Slain by a centaur

Skill      XL: |  1  2  3  4  5  6  7 |
---------------+----------------------+-----
Short Blades   | 3 4 5 |  5.7
Stealth        | 6 7 |  7.7
Throwing       | 3 4 |  4.7
Dodging        | 2 3 |  3.2
Fighting       | |  2.1

Action                   |  1- 3 |  4- 6 |  7- 9 || total
-------------------------+-------+-------+-------++-------
Melee: Dagger            |    77 |   163 |    11 ||   251
  Use: Potion            |       |     1 |       ||     1
       Scroll            |       |     3 |     2 ||     5
 Stab: Sleeping          |    14 |    11 |     1 ||    26
       Distracted        |     1 |       |       ||     1
  Eat: Chunk             |     1 |    16 |       ||    17
Armor: Robe              |     8 |    21 |     1 ||    30
Dodge: Dodged            |    45 |    81 |     9 ||   135
